 Dungeon Crawl Stone Soup version 0.23-a0-844-gdc03e01 (webtiles) character file.

860 nikopol the Magician (level 7, -3/37 HPs)
             Began as a Deep Elf Fire Elementalist on Jan 26, 2019.
             Slain by a mummy (4 damage)
             ... on level 4 of the Dungeon.
             The game lasted 00:13:02 (3565 turns).

nikopol the Magician (Deep Elf Fire Elementalist)   Turns: 3565, Time: 00:13:03

Health: -3/37      AC:  2    Str:  5    XL:     7   Next: 71%
Magic:  1/19       EV: 13    Int: 24    God:
Gold:   133        SH:  0    Dex: 15    Spells: 9/19 levels left

rFire    . . .     SeeInvis .   g - +0 short sword
rCold    + . .     Gourm    .   (no shield)
rNeg     . . .     Faith    .   a - +0 robe
rPois    .         Spirit   .   (no helmet)
rElec    .         Reflect  .   (no cloak)
rCorr    .         Harm     .   (no gloves)
MR       .....                  (no boots)
Stlth    +++.......             (no amulet)
HPRegen  0.12/turn              i - ring of protection from cold
MPRegen  0.16/turn              r - +2 ring of intelligence

@: no status effects
A: no striking features
a: no special abilities


You were on level 4 of the Dungeon.
You were not hungry.

You visited 1 branch of the dungeon, and saw 4 of its levels.
You also visited: Ossuary.

You collected 133 gold pieces.

Inventory:

Hand Weapons
 g - a +0 short sword (weapon)
Armour
 a - a +0 robe (worn)
Jewellery
 i - a ring of protection from cold (left hand)
 r - a +2 ring of intelligence (right hand)
Scrolls
 f - 4 scrolls of remove curse {unknown}
 h - 4 scrolls of teleportation {unknown}
 j - 2 scrolls of fear {unknown}
 n - 3 scrolls of identify {unknown}
 p - a scroll of immolation {unknown}
 q - a scroll of fog {unknown}
Potions
 d - a potion of ambrosia {unknown}
 e - a potion of agility {unknown}
 k - 2 potions of cancellation {unknown}
 l - a potion of magic {unknown}
 m - a potion of degeneration {unknown}
 o - a potion of might {unknown}
Comestibles
 c - 7 rations


   Skills:
 + Level 0.4 Fighting
 + Level 1.2 Short Blades
 + Level 3.3 Dodging
 + Level 4.6 Stealth
 + Level 6.8 Spellcasting
 + Level 4.3 Conjurations
 + Level 6.0 Fire Magic


You had 9 spell levels left.
You knew the following spells:

 Your Spells              Type           Power        Failure   Level  Hunger
a - Flame Tongue          Conj/Fire      ####.        1%          1    None
b - Throw Flame           Conj/Fire      ####..       1%          2    None
c - Conjure Flame         Conj/Fire      ####....     2%          3    None
d - Sticky Flame          Conj/Fire      ####....     9%          4    ###....

Your spell library contained the following spells:

 Spells                   Type           Power        Failure   Level  Hunger
 Inner Flame              Hex/Fire       ###.....     6%          3    None
 Fireball                 Conj/Fire      ####......   24%         5    #####..


Dungeon Overview and Level Annotations

Branches:
Dungeon (4/15)
 Temple: D:4-7

Altars:
Cheibriados
Nemelex Xobeh
Zin


Message History

The mummy is heavily damaged.
The mummy barely misses you.
Casting: Flame Tongue (safe; 1% risk of failure)
Confirm with . or Enter, or press ? or * to list all spells.
Aiming: Flame Tongue (safe; 1% risk of failure)
Press: ? - help, Shift-Dir - straight line, f/p - mummy
Aim: a mummy (heavily damaged)
The flame tongue hits the mummy.
The mummy is heavily damaged.
The mummy hits you!
* * * LOW HITPOINT WARNING * * *
Casting: Flame Tongue (safe; 1% risk of failure)
Confirm with . or Enter, or press ? or * to list all spells.
You don't know that spell.
You hit the mummy.
The mummy is heavily damaged.
You hit the mummy.
The mummy is severely damaged.
The mummy hits you.
You die...

#.# *,, #.####### *,,
#.......# ###
#.#####.# #.. #.# *,*
#.# #.## *,* #.# #..#
*,* #.#
##'###***##########.#
#.#@#,*,#..........#
#.#M#+#+############
#.'...+,* ###...#**
*,+...+,* *+#+#+#+*
*,*,*,*,* *********


You could see a mummy.

Vanquished Creatures
  Pikel (D:3)
  A phantom (D:4)
  An elf skeleton (D:4)
  2 jellies (D:3)
  A human zombie (D:4)
  5 adders
  8 oozes (D:3)
  An adder skeleton (D:4)
  2 worms
  3 dart slugs
  5 leopard geckos
  3 orcs
  A ball python (D:3)
  2 giant cockroaches
  8 goblins
  6 hobgoblins
  4 jackals (D:1)
  10 kobolds
  6 bats
  5 frilled lizards
  6 rats
81 creatures vanquished.

Vanquished Creatures (others)
  A worker ant (D:4)
  A worm (D:4)
  A jackal (D:4)
  9 toadstools (D:3)
12 creatures vanquished.

Grand Total: 93 creatures vanquished

Notes
Turn   | Place    | Note
-------+----------+-------------------------------------------
     0 | D:1      | nikopol the Deep Elf Fire Elementalist began the quest for
                  | the Orb.
     0 | D:1      | Reached XP level 1. HP: 10/10 MP: 6/6
   128 | D:1      | Reached XP level 2. HP: 11/15 MP: 4/8
   851 | D:2      | Reached XP level 3. HP: 15/19 MP: 5/9
  1192 | D:2      | Found a snail-covered altar of Cheibriados.
  1432 | D:2      | Learned a level 2 spell: Throw Flame
  1436 | D:2      | Learned a level 3 spell: Conjure Flame
  1524 | D:2      | Found a sparkling altar of Nemelex Xobeh.
  1566 | D:2      | Found a glowing silver altar of Zin.
  1755 | D:3      | Reached XP level 4. HP: 24/24 MP: 6/11
  2557 | D:3      | Reached XP level 5. HP: 28/28 MP: 9/13
  2964 | D:4      | Learned a level 4 spell: Sticky Flame
  2985 | D:4      | Noticed a phantom
  3024 | D:4      | Killed a phantom
  3024 | D:4      | Reached skill level 5 in Fire Magic
  3024 | D:4      | Reached XP level 6. HP: 32/32 MP: 0/15
  3131 | D:4      | Noticed Pikel
  3131 | D:4      | Noticed a slave
  3131 | D:4      | Noticed a slave
  3131 | D:4      | Noticed a slave
  3131 | D:4      | Noticed a slave
  3188 | D:3      | Killed Pikel
  3188 | D:3      | Reached skill level 1 in Short Blades
  3188 | D:3      | Reached XP level 7. HP: 6/37 MP: 10/18
  3529 | D:4      | Found a sand-covered staircase.
  3548 | Ossuary  | Entered an ossuary
  3563 | D:4      | HP: 1/37 [mummy (12)]
  3565 | D:4      | Slain by a mummy

Vault maps used:
D:1:      saegor_arrival_simple_c
D:2:      zin_academy, kennysheep_slug_shrine, nemelex_altar_shiori
D:3:      cheibrodos_fertilizer, first_ration
D:4:      nicolae_ossuary_entry_catacombs, uniq_pikel
Ossuary:  ossuary_the_hunt_dpeg

Skill      XL: |  1  2  3  4  5  6 |
---------------+-------------------+-----
Stealth        | 3 4 |  4.6
Fire Magic     | 4 5 6 |  6.0
Conjurations   | 2 4 |  4.3
Spellcasting   | 4 6 |  6.8
Short Blades   | 1 |  1.2
Dodging        | 3 |  3.3
Fighting       | |  0.4

Action                   |  1- 3 |  4- 6 |  7- 9 || total
-------------------------+-------+-------+-------++-------
Melee: Short sword       |       |     7 |     2 ||     9
 Cast: Flame Tongue      |    65 |    91 |    24 ||   180
       Conjure Flame     |       |     1 |       ||     1
       Sticky Flame      |       |     2 |       ||     2
  Use: Scroll            |       |     1 |       ||     1
  Eat: Ration            |     1 |     1 |       ||     2
       Chunk             |       |       |     1 ||     1
Armor: Robe              |     2 |     4 |     2 ||     8
Dodge: Dodged            |    18 |    26 |    12 ||    56

Table legend:
 A = Non-vault XP
 B = Vault XP
 C = Vault XP percentage of total XP
 D = Non-vault monster count
 E = Vault monster count
 F = Vault count percentage of total count
                 A         B        C        D         E       F
            +---------+---------+-------+---------+---------+-------
      Total |     309 |     920 |  74.9 |      63 |      18 |  22.2
            +---------+---------+-------+---------+---------+-------
        D:1 |      39 |       0 |   0.0 |      22 |       0 |   0.0
        D:2 |      50 |       4 |   7.4 |      13 |       1 |   7.1
        D:3 |      70 |     793 |  91.9 |      21 |      15 |  41.7
        D:4 |     150 |     123 |  45.1 |       7 |       2 |  22.2
            +---------+---------+-------+---------+---------+-------
